 Dungeon Crawl Stone Soup version 0.30-a0-860-g512cf1e979 (webtiles) character file.

Game seed: 7388104267975302403

50 cforsyth the Magician (level 3, 0/19 HPs)
             Began as a Deep Elf Earth Elementalist on Mar 7, 2023.
             Succumbed to an adder's poison
             ... on level 2 of the Dungeon.
             The game lasted 00:01:16 (1272 turns).

cforsyth the Magician (Deep Elf Earth Elementalist) Turns: 1272, Time: 00:01:16

Health: 0/19       AC:  3    Str:  5    XL:     3   Next: 55%
Magic:  4/10       EV: 12    Int: 21    God:
Gold:   61         SH:  0    Dex: 15    Spells: 9/10 levels left

rFire   + . .      SeeInvis .    (no weapon)
rCold   + . .      Faith    .    (no shield)
rNeg    . . .      Spirit   .    a - +0 robe
rPois   +          Reflect  .    (no helmet)
rElec   +          Rampage  .    (no cloak)
rCorr   +                        (no gloves)
Will    .....                    f - +0 pair of boots
Stlth   ++                       (no amulet)
HPRegen 0.23/turn                (no ring)
MPRegen 0.12/turn                (no ring)

@: mighty, lethally poisoned (0 -> -2), resistant
A: no striking features
a: no special abilities


You were on level 2 of the Dungeon.
You visited 1 branch of the dungeon, and saw 2 of its levels.

You collected 61 gold pieces.

Inventory:

Armour
 a - a +0 robe (worn)
 f - a +0 pair of boots (worn)
Scrolls
 d - 4 scrolls of identify {unknown}
 i - 3 scrolls of magic mapping {unknown}
 k - a scroll of poison {unknown}
 l - a scroll of enchant armour {unknown}
Potions
 b - a potion of magic
 c - a potion of brilliance {unknown}
 e - a potion of might
 g - a potion of resistance
 h - a potion of curing {unknown}
 j - a potion of berserk rage {unknown}
 m - a potion of degeneration {unknown}


   Skills:
 - Level 2.4 Dodging
 - Level 2.4 Stealth
 + Level 4.4 Spellcasting
 - Level 1.1 Transmutations
 + Level 4.2 Earth Magic


You had 9 spell levels left.
You knew the following spells:

 Your Spells              Type           Power      Damage    Failure   Level
a - Sandblast             Erth           44%        2d11      1%          1

Your spell library contained the following spells:

 Spells                   Type           Power      Damage    Failure   Level
 Passwall                 Tmut/Erth      12%        N/A       6%          2
 Stone Arrow              Conj/Erth      26%        3d8       14%         3
 Petrify                  Tmut/Erth      15%        N/A       36%         4


Dungeon Overview and Level Annotations

Branches:
Dungeon (2/15)

Altars:


Message History

The ball python constricts you.
The blast of sand misses the ball python.
The blast of sand hits the plant!
The plant begins to die.
The plant is lightly damaged.
The adder closely misses you. The ball python loses its grip on you.
The ball python closely misses you. The ball python grabs you.
The ball python constricts you. The adder bites you.
The ball python bites you. x2
The ball python bites the plant.
The ball python grabs the plant.
The ball python constricts the plant.
The blast of sand hits the ball python!
You kill the ball python!
A nearby plant withers and dies.
The ball python loses its grip on the plant.
The adder misses you.
The ball python bites you but does no damage.
The ball python grabs you. The ball python constricts you.
The ball python closely misses you. The adder closely misses you.
The blast of sand hits the ball python!
You kill the ball python!
A nearby plant withers and dies.
The ball python barely misses you. x4
The adder bites you but does no damage. The ball python bites you.
The ball python grabs you. The ball python constricts you.
The ball python bites you. The adder bites you but does no damage.
You escape the ball python's grasp.
The adder attacks as you move away! The adder closely misses you.
The adder attacks as you move away! The adder bites you.
* * * LOW HITPOINT WARNING * * *
You are lethally poisoned!
The adder poisons you!
* * * LOW HITPOINT WARNING * * *
You feel sick.
You are too injured to fight recklessly!
You are too injured to fight recklessly!
It was a potion of resistance.
You feel protected.
* * * LOW HITPOINT WARNING * * *
You feel sick. The adder completely misses you.
It was a potion of might.
You feel very mighty all of a sudden.
You die...

### ###.P# #P.#..#
#.#†..†##
#......###################
#.#...†SSS@................
#....##############.######
###.# #...# ####### #.###
##+######.##.# ##.#
#.........##.# #..#
##.#.#.....##.# #.##
...........'..# #####.#
##.........##.####.....#


You could see an adder and 2 ball pythons.

Vanquished Creatures
  A dart slug (D:2)
  5 endoplasms
  A giant cockroach (D:2)
  3 goblins
  4 hobgoblins (D:1)
  4 jackals (D:2)
  3 quokkas
  9 ball pythons
  5 bats
  3 frilled lizards
  3 kobolds (D:1)
  3 rats (D:1)
44 creatures vanquished.

Vanquished Creatures (others)
  2 plants (D:2)
2 creatures vanquished.

Grand Total: 46 creatures vanquished

Notes
Turn   | Place    | Note
-------+----------+-------------------------------------------
     0 | D:1      | cforsyth the Deep Elf Earth Elementalist began the quest
                  | for the Orb.
     0 | D:1      | Reached XP level 1. HP: 10/10 MP: 6/6
   157 | D:1      | Found a faded altar of an unknown god.
   171 | D:1      | Reached XP level 2. HP: 15/15 MP: 0/8
  1021 | D:2      | Reached XP level 3. HP: 18/19 MP: 7/10
  1272 | D:2      | Succumbed to an adder's poison

Illustrated notes

Levels and vault maps discovered:
D:1:      wheals_arrival_linesprint, layout_basic,
          hellmonk_ecumenical_altar_pennies_from_heaven
D:2:      layout_basic, corner_web_ring, minmay_shallow_snake_nest

Skill      XL: |  1  2 |
---------------+-------+-----
Spellcasting   | 4 |  4.4
Earth Magic    | 4 |  4.2
Dodging        | |  2.4
Stealth        | |  2.4
Transmutations | |  1.1

Action                     || total
---------------------------++-------
   Cast: Sandblast         ||    53
    Use: Potion            ||     2
 Armour: Robe              ||     9
  Dodge: Dodged            ||    36

Table legend: (Time is in decaauts)
 A = Elapsed time spent in this place.
 B = Non-inter-level travel time spent in this place.
 C = Inter-level travel time spent in this place.
 D = Time resting spent in this place.
 E = Time spent auto-exploring this place.
 F = Levels seen in this place.
 G = Mean time per level.
                   A        B        C        D        E       F      G
               +--------+--------+--------+--------+--------+-----+--------+
         Total |   1303 |   1224 |     79 |      0 |   1030 |   2 |  651.5 |
       Dungeon |   1303 |   1224 |     79 |      0 |   1030 |   2 |  651.5 |
               +--------+--------+--------+--------+--------+-----+--------+

Top non-repeatable levels by time:
     D:1: 1034 daAuts
     D:2: 268 daAuts
